 Dungeon Sprint DCSS version 0.31.0-12-g77e489cdc1 (webtiles) character file.

Game seed: 13151990428848375749

0 Minsecho the Shield-Bearer (level 1, 0/18 HPs)
             Began as a Formicid Fighter on Feb 17, 2024.
             Slain by Terence
             ... wielding a +0 falchion
              (5 damage)
             ... in the Dungeon (Sprint VI: "Thunderdome").
             The game lasted 00:01:43 (40 turns).

Minsecho the Shield-Bearer (Formicid Fighter)         Turns: 40, Time: 00:01:43

Health: 0/18       AC:  6    Str: 20    XL:     1   Next: 22%
Magic:  1/1        EV:  9    Int:  7    God:
Gold:   200        SH:  5    Dex: 13    Spells: 0/0 levels left

rFire   . . .        a - +0 war axe
rCold   . . .        c - +0 buckler
rNeg    . . .        b - +0 scale mail
rPois   .            (helmet unavailable)
rElec   .            (no cloak)
rCorr   .            (no gloves)
SInv    +            (no boots)
Will    .....        (no amulet) Stlth
                     (no ring)
HPRegen 0.23/turn    (no ring)
MPRegen 0.07/turn

%: no passive effects
@: no status effects
A: permanent stasis, dig shafts and tunnels, antennae 3, four strong arms
a: Dig


You were in the Dungeon.
You visited 1 branch You collected 200 gold pieces.

Inventory:

Hand Weapons
 a - a +0 war axe (weapon)
Armour
 b - a +0 scale mail (worn)
 c - a +0 buckler (worn)
Wands
 h - a wand of quicksilver (5)
 i - a wand of roots (5)
Scrolls
 j - 3 scrolls of blinking {unknown}
 k - 3 scrolls of fog
Potions
 d - a potion of might
 e - a potion of curing
 f - 4 potions of heal wounds
 g - 2 potions of magic
 l - a potion of resistance
 m - 3 potions of haste {unknown}


   Skills:
 + Level 3.5 Fighting
 + Level 2.1 Axes
 + Level 3.5 Armour
 + Level 4.2 Shields


You couldn't memorise any spells.
You didn't know any spells.
Your spell library was empty.

Dungeon Overview and Level Annotations

Branches:
Dungeon (1/1)

Altars:
Dithmenos
Fedhas
Gozag
Kikubaaqudgha
Okawaru
Ru
Trog
Uskayaw
Vehumet
Wu Jian
Xom
Yredelemnul
Zin
The Shining One
Lugonu

Shops:
D **[(!!!!

Annotations:
D Terence


Innate Abilities, Weirdness & Mutations

You cannot be hasted, slowed, berserked, paralysed or teleported.
You can dig through walls and to a lower floor.
You have a pair of large antennae on your head. (SInv)
Your four strong arms can wield two-handed weapons with a shield.


Message History

You block the kobold's attack.
The hobgoblin attacks as it pursues you!
The hobgoblin hits you.
Found a glowing silver altar of Zin and an iron altar of Okawaru.
The hobgoblin attacks as it pursues you!
The hobgoblin hits you but does no damage.
Okay, then.
Okay, then.
Okay, then.
You hit the hobgoblin.
The hobgoblin is almost dead.
The hobgoblin hits you but does no damage.
The hobgoblin misses you.
You completely miss the hobgoblin.
The hobgoblin is almost dead.
The hobgoblin closely misses you. Terence hits you with a +0 falchion.
You closely miss the hobgoblin.
The hobgoblin is almost dead.
You hit Terence but do no damage.
An orc comes into view. It is wielding a +0 short sword.
The hobgoblin hits you but does no damage.
Terence hits you but does no damage.
The hobgoblin hits you but does no damage.
You barely miss Terence.
The orc shouts!
You hit the hobgoblin.
You kill the hobgoblin!
Terence hits you but does no damage.
You slash Terence!
Terence is severely wounded.
You closely miss the kobold. You block the kobold's attack.
Terence closely misses you. You block the kobold's attack.
Terence hits you with a +0 falchion!
* * * LOW HITPOINT WARNING * * *
You hit Terence but do no damage.
Terence is severely wounded.
You closely miss the kobold. You block the kobold's attack.
Terence hits you with a +0 falchion.
You die...
Terence says, "Time to find some more victims."

#⌠.. ........⌠#
#.8.........8.###### _
..... #......_..∩## ....
..8. #.8........∩# .....
..###............ ......
#...###......... ....o.
#.<.# #.........
......###...###.........
.......@.###............
......@8K# #.8........∩#
___......###......___∩##
####.8.........8.######
#⌠...........⌠#
###.........###
#_........# #_......._#
#_......._#


You could see Terence, an orc and a kobold.

Vanquished Creatures
  A hobgoblin (D)
1 creature vanquished.

Notes
Turn   | Place    | Note
-------+----------+-------------------------------------------
     0 | D        | Minsecho the Formicid Fighter began the quest for the Orb.
     0 | D        | Reached XP level 1. HP: 18/18 MP: 1/1
     1 | D        | Found an ancient bone altar of Kikubaaqudgha.
     2 | D        | Found a shimmering altar of Xom.
     2 | D        | Found a glowing golden altar of the Shining One.
     3 | D        | Found a sacrificial altar of Ru.
     4 | D        | Found Onwoaq's Do-It-Yourself Clinic.
     4 | D        | Found an ornate altar of the Wu Jian Council.
     4 | D        | Found Awattuvve's Distillery.
     5 | D        | Found Fecuegiq's Bottled Wisdom.
     5 | D        | Found Putuc's Distillery.
     5 | D        | Round 1.
     7 | D        | Found a radiant altar of Vehumet.
     8 | D        | Found a hide-covered altar of Uskayaw.
    15 | D        | Found a shadowy altar of Dithmenos.
    21 | D        | Found a corrupted altar of Lugonu.
    22 | D        | Found Zaqasealey's Weapon Rack.
    23 | D        | Found a blossoming altar of Fedhas.
    23 | D        | Found a basalt altar of Yredelemnul.
    23 | D        | Found Qukhlaujo's Premium Goods.
    23 | D        | Found Patuveuw's Basic Armour.
    23 | D        | Found Rewak's Miscellaneous Merchandise.
    27 | D        | Found a bloodstained altar of Trog.
    28 | D        | Found an opulent altar of Gozag.
    32 | D        | Noticed Terence
    34 | D        | Found a glowing silver altar of Zin.
    34 | D        | Found an iron altar of Okawaru.
    40 | D        | Slain by Terence

Illustrated notes

Levels and vault maps discovered:
D:        arena_sprint

Action                     || total
---------------------------++-------
  Melee: War axe           ||     6
 Armour: Scale mail        ||    14
  Dodge: Dodged            ||     3
  Block: Buckler           ||     4
